[Event "Team 45 45 League T85"]
[Site "Internet Chess Club"]
[Date "2020.07.05"]
[Round "1"]
[White "JeffH"]
[Black "Demachaeron"]
[Result "1-0"]
[WhiteElo "1727"]
[BlackElo "1721"]
[Opening "Scandinavian (center counter) defense"]
[ECO "B01"]
[Time "19:08:13"]
[TimeControl "2700+45"]

1. e4 d5 2. exd5 Qxd5 3. Nc3 Qa5 4. Bc4 Nf6 5. d3 c6 6. Bd2 Qc7 7. Qe2 Bf5 8.
Nf3 e6 9. Nd4 Be7 10. Nxf5 exf5 11. O-O-O O-O 12. Qf3 g6 13. Rde1 Re8 14. h4
Nbd7 15. h5 Bf8 16. hxg6 hxg6 17. Bb3 Rxe1+ 18. Rxe1 Re8 19. Rxe8 Nxe8 20. Qe3
Qb8 21. a3 Nef6 22. Kb1 a6 23. Ne2 Qe5 24. Qxe5 Nxe5 25. Nf4 Nfd7 26. d4 Ng4 27.
f3 Ngf6 28. Nxg6 Kg7 29. Nh4 Nh5 30. Nxf5+ Kg6 31. Nh4+ Kg7 32. g4 Be7 33. Nf5+
{Black resigns} 1-0

[Event "Team 45 45 League T85"]
[Site "Internet Chess Club"]
[Date "2020.07.03"]
[Round "1"]
[White "ghostfire"]
[Black "THE-WARRIOR"]
[Result "1-0"]
[WhiteElo "1681"]
[BlackElo "1562"]
[Opening "French: advance variation"]
[ECO "C02"]
[Time "20:00:22"]
[TimeControl "2700+45"]

1. e4 e6 2. d4 d5 3. e5 c5 4. c3 Qb6 5. Nf3 Nc6 6. a3 Bd7 7. Be2 cxd4 8. cxd4
Nge7 9. b4 Nf5 10. Bb2 Be7 11. O-O O-O 12. Qd3 f6 13. Nbd2 fxe5 14. Nxe5 Nxe5
15. dxe5 a6 16. Qh3 Bb5 17. Bxb5 Qxb5 18. Nf3 Qd7 19. Nd4 Rac8 20. Rac1 Rxc1 21.
Rxc1 Bd8 22. Nxf5 Rxf5 23. Bd4 Rf4 24. Be3 Rc4 25. Rd1 Bc7 26. Qh5 Re4 27. Bd4
g6 28. Qg5 Bd8 29. Qd2 Qb5 30. Re1 Bg5 31. Be3 Bxe3 32. Rxe3 Rxe3 33. fxe3 Qc4
34. h3 Kg7 35. Kf2 Qe4 36. Qd4 Qc2+ 37. Kg3 Qc1 38. Qf4 Qxa3 39. Qf6+ Kh6 40.
Qf8+ Kh5 41. Kf3 Qd3 42. g4+ Kg5 43. h4+ {Black resigns} 1-0

[Event "Team 45 45 League T85"]
[Site "Internet Chess Club"]
[Date "2020.07.03"]
[Round "1"]
[White "fledermaus"]
[Black "Packerfan"]
[Result "1-0"]
[WhiteElo "1887"]
[BlackElo "1782"]
[Opening "English: symmetrical, four knights system"]
[ECO "A30"]
[Time "14:01:14"]
[TimeControl "2700+45"]

1. Nf3 Nf6 2. c4 c5 3. Nc3 Nc6 4. g3 d6 5. d4 cxd4 6. Nxd4 g6 7. Bg2 Bd7 8. O-O
Bg7 9. Nxc6 Bxc6 10. e4 O-O 11. Be3 Qd7 12. Qe2 b6 13. Rad1 Qb7 14. Bg5 h6 15.
Bc1 Nd7 16. Nd5 Nc5 17. Rfe1 Rfe8 18. Nb4 Ba4 19. e5 Bxd1 20. Rxd1 Qd7 21. Bxa8
Rxa8 22. exd6 exd6 23. Re1 Qa4 24. a3 Ne6 25. Qd1 Qxd1 26. Rxd1 Rc8 27. b3 Nc5
28. Nd5 Kf8 29. Bf4 Nb7 30. h4 h5 31. a4 Be5 32. Bh6+ Ke8 33. f4 Bb2 34. Re1+
Kd7 35. Re7+ Kc6 36. Nb4+ Kc5 37. Nd3+ {Black resigns} 1-0

[Event "Team 45 45 League T85"]
[Site "Internet Chess Club"]
[Date "2020.07.03"]
[Round "1"]
[White "ivanson"]
[Black "justice02"]
[Result "0-1"]
[WhiteElo "1638"]
[BlackElo "1581"]
[Opening "French: Tarrasch, open, 4.ed ed"]
[ECO "C08"]
[Time "16:00:17"]
[TimeControl "2700+45"]

1. e4 e6 2. d4 d5 3. Nd2 c5 4. exd5 exd5 5. Ngf3 Nf6 6. Bb5+ Bd7 7. Qe2+ Qe7 8.
O-O Qxe2 9. Bxe2 cxd4 10. Re1 Be7 11. Nb3 O-O 12. Nbxd4 Re8 13. Bg5 a6 14. Bd3
h6 15. Bh4 Nc6 16. c3 Rac8 17. Nf5 Bxf5 18. Bxf5 Rcd8 19. Rad1 Kf8 20. Bc2 Nh5
21. Bxe7+ Rxe7 22. Bb3 Nf6 23. Kf1 Rc7 24. Nd4 Na5 25. f3 Nc4 26. Bxc4 Rxc4 27.
Re2 b5 28. a3 g6 29. Rde1 Rc7 30. Re3 h5 31. R1e2 Rdc8 32. Rd3 h4 33. f4 Kg7 34.
Rh3 Rh8 35. Nf3 Rc4 36. Nd4 Rh5 37. Re7 Ne4 38. Nf3 Rf5 39. Rxh4 Nc5 40. Nd4 Rf6
41. g3 Nd3 42. Re2 Rc7 43. Nf3 a5 44. Ng5 b4 45. Re8 Rfc6 46. Rh7+ Kf6 47. Rf8
Kf5 48. Rfxf7+ Rxf7 49. Rxf7+ Kg4 50. axb4 axb4 51. Kg2 Ne1+ 52. Kf2 Nd3+ 53.
Ke3 Nxb2 54. cxb4 Rc2 55. Nf3 Rc3+ 56. Ke2 Rxf3 57. h3+ Kxg3 58. Rg7 Rxf4 59.
Rxg6+ Kxh3 60. Rg5 Re4+ 61. Kf3 Kh4 62. Rxd5 Rxb4 63. Rd8 Kg5 64. Rg8+ Kf6 65.
Rf8+ Ke7 66. Rf4 Rb3+ 67. Kg4 Ke6 68. Re4+ Kf6 69. Rf4+ Kg6 70. Rd4 Nd3 71. Rd6+
Kf7 72. Rd7+ Ke6 73. Rd4 Ne5+ 74. Kh5 Kf5 75. Rh4 Rb8 {White resigns} 0-1

[Event "Team 45 45 League T85"]
[Site "Internet Chess Club"]
[Date "2020.07.03"]
[Round "1"]
[White "Grenadier"]
[Black "Snuffleupegus"]
[Result "1-0"]
[WhiteElo "1594"]
[BlackElo "1439"]
[Opening "Sicilian: closed"]
[ECO "B24"]
[Time "11:00:13"]
[TimeControl "2700+45"]

1. e4 c5 2. Nc3 Nc6 3. g3 g6 4. Bg2 Bg7 5. d3 Nf6 6. Be3 d6 7. Qd2 Ng4 8. Nge2
Nxe3 9. fxe3 O-O 10. O-O Bd7 11. Rab1 e6 12. d4 Qg5 13. e5 cxd4 14. Nxd4 Bxe5
15. Nf3 Qe7 16. Nxe5 dxe5 17. Ne4 Rfd8 18. Nf6+ Kg7 19. Qc3 Rac8 20. Bxc6 Qd6
21. Ne4 Qb8 22. Qb4 Bxc6 23. Rxf7+ Kxf7 24. Rf1+ Kg7 25. Qe7+ Kh6 26. Rf7 Rd1+
27. Kf2 Rf8 28. Qh4# {Black checkmated} 1-0

[Event "Team 45 45 League T85"]
[Site "Internet Chess Club"]
[Date "2020.07.03"]
[Round "1"]
[White "AboardBuffalo"]
[Black "GoIrish"]
[Result "0-1"]
[WhiteElo "1562"]
[BlackElo "1510"]
[Opening "French: Tarrasch, closed variation"]
[ECO "C05"]
[Time "12:00:30"]
[TimeControl "2700+45"]

1. e4 e6 2. d4 d5 3. Nd2 Nf6 4. e5 Nfd7 5. Bd3 c5 6. c3 cxd4 7. cxd4 f6 8. exf6
Nxf6 9. Ne2 Qc7 10. O-O Bd6 11. Nf3 O-O 12. Be3 Nc6 13. Nc3 a6 14. h3 e5 15.
dxe5 Nxe5 16. Nxe5 Bxe5 17. Rc1 Qd7 18. Qb3 Kh8 19. Na4 d4 20. Nb6 Qd6 21. Nxa8
dxe3 22. Nc7 exf2+ 23. Kh1 Nh5 24. g4 Ng3+ 25. Kg2 Nxf1 26. Kxf1 Qh6 {White
resigns} 0-1